 Dungeon Crawl Stone Soup version 0.27.0-1-g7a089689b8 (webtiles) character file.

Game seed: 14121498153252168432

900 Sin92 the Chopper (level 7, -5/55 HPs)
             Began as a Demonspawn Fighter on Aug 9, 2021.
             Slain by a phantom (7 damage)
             ... on level 5 of the Dungeon.
             The game lasted 00:04:05 (5057 turns).

Sin92 the Chopper (Demonspawn Fighter)              Turns: 5057, Time: 00:04:07

Health: -5/55      AC:  7    Str: 15 (17) XL:     7   Next: 79%
Magic:  7/7        EV:  8    Int:  6 (9)  God:
Gold:   92         SH: 15    Dex: 12 (14) Spells: 6/6 levels left

rFire    . . .     SeeInvis .   a - +0 war axe
rCold    . . .     Faith    .   c - +1 kite shield
rNeg     . . .     Spirit   .   b - +0 scale mail
rPois    .         Reflect  +   (helmet restricted)
rElec    .         Harm     .   (no cloak)
rCorr    .         Rampage  .   (no gloves)
Will     .....                  (no boots)
Stlth    ..........             e - amulet of reflection
HPRegen  0.18/turn              (no ring)
MPRegen  0.10/turn              (no ring)

@: no status effects
A: antennae 1, spiny 1
a: no special abilities


You were on level 5 of the Dungeon.
You visited 1 branch of the dungeon, and saw 5 of its levels.

You collected 92 gold pieces.

Inventory:

Hand Weapons
 a - a +0 war axe (weapon)
Armour
 b - a +0 scale mail (worn)
 c - a +1 kite shield (worn)
Jewellery
 e - an amulet of reflection (around neck)
Wands
 d - a wand of polymorph (2)
 g - a wand of iceblast (6)
 l - a wand of flame (11)
 o - a wand of mindburst (8)
Scrolls
 j - a scroll of identify
 n - a scroll of fear {unknown}
Potions
 f - a potion of magic {unknown}
 h - a potion of degeneration
 i - a potion of attraction
 k - a potion of brilliance
 m - a potion of berserk rage {unknown}


   Skills:
 + Level 4.7 Fighting
 * Level 5.0 Axes
 + Level 4.2 Armour
 + Level 2.9 Dodging
 + Level 4.2 Shields


You had 6 spell levels left.
You didn't know any spells.
Your spell library contained the following spells:

 Spells                   Type           Power      Damage    Failure   Level
 Magic Dart               Conj           0%         1d3       100%        1
 Searing Ray              Conj           0%         3d3       100%        2
 Slow                     Hex            0%         N/A       100%        2
 Confusing Touch          Hex            0%         N/A       100%        3
 Gell's Gravitas          Tloc           0%         N/A       100%        3
 Inner Flame              Hex/Fire       0%         N/A       100%        3
 Lesser Beckoning         Tloc           0%         N/A       100%        3
 Teleport Other           Tloc           0%         N/A       100%        3
 Animate Dead             Necr           0%         N/A       100%        4
 Fulminant Prism          Conj/Hex       0%         3d6       100%        4
 Borgnjor's Vile Clutch   Necr/Erth      0%         N/A       100%        5
 Freezing Cloud           Conj/Ice/Air   0%         6-21      100%        5
 Yara's Violent Unravell  Hex/Tmut       0%         3d3       100%        5
 Death Channel            Necr           0%         N/A       100%        6
 Ozocubu's Refrigeration  Ice            0%         4d5       100%        7


Dungeon Overview and Level Annotations

Branches:
Dungeon (5/15)
 Temple: D:4-7

Altars:
Kikubaaqudgha
Yredelemnul
Zin
Beogh

Annotations:
D:4 3 runed translucent doors, suduhmizer's ghost, amateur MiBe
D:5 Prince Ribbit


Innate Abilities, Weirdness & Mutations

You have a pair of small antennae on your head.
You are partially covered in sharp spines.


Message History

You slash the phantom!
The phantom is heavily damaged.
You block the phantom's attack.
Unknown command.
There are monsters nearby!
You closely miss the phantom.
The phantom is heavily damaged.
You slash Prince Ribbit! Prince Ribbit hits you!
You block the phantom's attack. Prince Ribbit hits you.
* * * LOW HITPOINT WARNING * * *
You block the phantom's attack.
Unknown command.
There are monsters nearby!
You are too injured to fight recklessly!
Unknown command.
There are monsters nearby!
You are too injured to fight recklessly!
There are monsters nearby!
You are too injured to fight recklessly!
Unknown command.
You are too injured to fight recklessly!
Unknown command.
There are monsters nearby!
You hit the phantom.
The phantom is heavily damaged.
You slash Prince Ribbit!
Prince Ribbit blinks!
You block the phantom's attack.
You hit the phantom but do no damage.
The phantom is heavily damaged.
You miss Prince Ribbit. Prince Ribbit hits you!
* * * LOW HITPOINT WARNING * * *
The phantom is struck by your spines. The phantom barely misses you.
Prince Ribbit barely misses you. You block the phantom's attack.
Unknown command.
It was a potion of degeneration.
There was something very wrong with that liquid.
You feel weakened.
You feel dopey.
You feel clumsy. Prince Ribbit is struck by your spines.
Prince Ribbit hits you but does no damage.
The phantom hits you!
You die...

############
#######..........#
#.......########.#
#...§§....>......#
#..#############†#
#######..# #..
......F.W# #..
#@.# ########..
#..# #..†......
...# #.######..
....# ##.######..
..[..# #.......#..
#.....#
#.#####.#<.
##....#####.#
#.##. ##.........#
#.##. .#..####.#
#.##.


You could see Prince Ribbit and a phantom.

Vanquished Creatures
  Sigmund (D:2)
  Eustachio (D:5)
  4 wights (D:5)
  2 hounds (D:4)
  A bullfrog skeleton (D:4)
  2 iguanas (D:5)
  A jelly (D:5)
  A scorpion zombie (D:4)
  9 gnolls
  6 adders
  A white imp (D:5)
  4 worms
  5 dart slugs
  2 orcs
  2 ball pythons
  7 endoplasms
  4 giant cockroaches
  5 goblins (D:1)
  8 hobgoblins
  3 jackals (D:1)
  2 quokkas (D:2)
  A bat (D:3)
  2 frilled lizards (D:2)
  A jackal skeleton (D:4)
  7 kobolds
  A quokka zombie (D:4)
  6 rats
89 creatures vanquished.

Notes
Turn   | Place    | Note
-------+----------+-------------------------------------------
     0 | D:1      | Sin92 the Demonspawn Fighter began the quest for the Orb.
     0 | D:1      | Reached XP level 1. HP: 18/18 MP: 1/1
   111 | D:1      | Reached skill level 2 in Axes
   185 | D:1      | Gained mutation: You have a pair of small antennae on your
                  | head. [demonic ancestry]
   185 | D:1      | Reached XP level 2. HP: 19/24 MP: 2/2
   639 | D:1      | Reached XP level 3. HP: 26/29 MP: 3/3
   950 | D:1      | Found a faded altar of an unknown god.
  1129 | D:2      | Noticed Sigmund
  1141 | D:2      | Killed Sigmund
  1142 | D:2      | Reached skill level 3 in Axes
  1142 | D:2      | Reached skill level 1 in Dodging
  1142 | D:2      | Reached XP level 4. HP: 14/37 MP: 4/4
  1142 | D:2      | Gained mutation: You are partially covered in sharp spines.
                  | [demonic ancestry]
  1142 | D:2      | Reached XP level 5. HP: 16/42 MP: 5/5
  1449 | D:2      | Found an ancient bone altar of Kikubaaqudgha.
  1840 | D:2      | Reached XP level 6. HP: 41/48 MP: 6/6
  2637 | D:3      | Noticed an angel
  3284 | D:4      | Got Zuzxurok's Almanac of Heat and Ice
  3348 | D:4      | Reached skill level 4 in Axes
  3468 | D:4      | Found a runed translucent gate.
  3468 | D:4      | Found a runed translucent gate.
  3468 | D:4      | Found a runed translucent gate.
  3468 | D:4      | Noticed suduhmizer's ghost (amateur MiBe)
  3470 | D:4      | Found a basalt altar of Yredelemnul.
  3895 | D:5      | Entered Level 5 of the Dungeon
  3898 | D:5      | Noticed Eustachio
  4132 | D:5      | Reached XP level 7. HP: 29/54 MP: 7/7
  4468 | D:5      | Killed Eustachio
  5033 | D:5      | Reached skill level 5 in Axes
  5045 | D:5      | Noticed Prince Ribbit
  5056 | D:5      | HP: 2/55 [Prince Ribbit (15)]
  5057 | D:5      | Slain by a phantom

Illustrated notes

Levels and vault maps discovered:
D:1:      saegor_arrival_simple_d, layout_basic,
          hellmonk_ecumenical_altar_defaced_shrine, chequers_garden
D:2:      layout_loops_ring, basic_altar, chequers_mini_garden, st_stairs_10,
          minmay_domino_4, uniq_sigmund
D:3:      layout_rooms, zin_angel
D:4:      layout_cave_pools, nicolae_yredelemnul_ghost_church,
          serial_park_tiny_1
D:5:      layout_loops_ring, uniq_prince_ribbit1, uniq_eustachio

Skill      XL: |  1  2  3  4  5  6  7 |
---------------+----------------------+-----
Axes           | 2 3 4 5 |  5.0
Armour         | 3 4 |  4.2
Dodging        | 1 2 |  2.9
Shields        | 3 4 |  4.2
Fighting       | 4 |  4.7

Action                   |  1- 3 |  4- 6 |  7- 9 || total
-------------------------+-------+-------+-------++-------
Melee: War axe           |    80 |   115 |    62 ||   257
       Unarmed           |       |     6 |       ||     6
  Use: Potion            |     1 |     1 |     1 ||     3
       Scroll            |       |     6 |       ||     6
Armor: Scale mail        |    44 |    33 |     2 ||    79
Dodge: Dodged            |    31 |    37 |     7 ||    75
Block: Kite shield       |    32 |   114 |    58 ||   204
       Reflection        |       |     6 |     2 ||     8
